 Dungeon Crawl Stone Soup version 0.31.0-11-ge490571c62 (webtiles) character file.

Game seed: 2642002091853056845

17 Arvy the Grasshopper (level 2, 21/24 HPs)
             Began as an Armataur Warper on Feb 9, 2024.
             Quit the game on level 1 of the Dungeon.
             The game lasted 00:02:43 (315 turns).

Arvy the Grasshopper (Armataur Warper)               Turns: 315, Time: 00:02:43

Health: 21/24      AC:  4    Str: 16    XL:     2   Next: 44%
Magic:  4/4        EV:  9    Int: 13    God:
Gold:   0          SH:  0    Dex:  9    Spells: 4/4 levels left

rFire   . . .        a - +0 falchion
rCold   . . .        (no shield)
rNeg    . . .        b - +0 leather armour
rPois   .            (no helmet)
rElec   .            (no cloak)
rCorr   .            (no gloves)
SInv    .            (no barding)
Will    .....        (no amulet)
Stlth   +            (no ring)
HPRegen 0.24/turn    (no ring)
MPRegen 0.09/turn

%: roll
@: no status effects
A: large, deformed body, tough skin 3, armoured tail, roll 1
a: no special abilities


You were on level 1 of the Dungeon.
You visited 1 branch of the dungeon, and saw 1 of its levels.

Inventory:

Hand Weapons
 a - a +0 falchion (weapon)
Missiles
 d - 6 darts of dispersal (quivered)
Armour
 b - a +0 leather armour (worn)
Scrolls
 c - a scroll of blinking
 e - a scroll of revelation {unknown}
 f - a scroll of teleportation {unknown}
 g - a scroll of enchant armour {unknown}
 h - a scroll of vulnerability {unknown}


   Skills:
 + Level 2.0 Fighting
 + Level 2.0 Long Blades
 + Level 1.1 Throwing
 + Level 1.5 Armour
 - Level 1.5 Dodging
 + Level 1.9 Spellcasting
 + Level 3.0 Translocations


You had 4 spell levels left.
You didn't know any spells.
Your spell library contained the following spells:

 Spells                   Type           Power      Damage    Failure   Level
 Blink                    Tloc           18%        N/A       14%         2
 Lesser Beckoning         Tloc           18%        N/A       14%         2
 Teleport Other           Tloc           9%         N/A       26%         3
 Manifold Assault         Tloc           9%         N/A       65%         4
 Vhi's Electric Charge    Tloc/Air       10%        N/A       86%         4


Dungeon Overview and Level Annotations

Branches:
Dungeon (1/15)

Altars:


Innate Abilities, Weirdness & Mutations

Armour fits poorly on your strangely shaped body.
You have extremely tough skin. (AC +3)
You have a long armoured tail.
You regenerate magic when rolling toward enemies. (Rampage MPRegen)


Message History

You open the door. You open the door.
A ball python comes into view.
The ball python hisses angrily.
You roll towards the ball python!
You closely miss the ball python. You tail-slap the ball python.
You kill the ball python!
No target in view!
Unknown command.
You see here a ball python corpse.
You open the door. You open the door.
There is an open door here.
You open the door.
There is an open door here.
As you open the door, it creaks loudly!
You open the door.
A giant cockroach comes into view.
There is an open door here.
You hit the giant cockroach.
Your tail-slap misses the giant cockroach.
The giant cockroach is almost dead.
The giant cockroach completely misses you.
You hit the giant cockroach.
You kill the giant cockroach!
Your Fighting skill increases to level 2!
No target in view!
A kobold comes into view. It is wielding a +0 dagger.
The kobold shouts!
You hit the kobold.
The kobold is heavily wounded.
The kobold closely misses you.
You hit the kobold but do no damage.
The kobold is heavily wounded.
The kobold barely misses you. The kobold hits you with a +0 dagger.
You hit the kobold.
You kill the kobold!
No target in view!
Unknown command.
Are you sure you want to abandon this character and quit the game? (Confirm with "yes".)

# # .. #.##. .#.########
.....########...........
#....)..........>...#
###.#.#.@######..####.#.#
................ #.#.#
######'#######. #.#.# #.#
# #.#.# #####.##### #.
#.### #...'.'...#
#..####.# #.###.###.#
#.......# # #.# #.#
#.#.....###
###+###.###'###.#.##..#..


There were no monsters in sight!

Vanquished Creatures
  An endoplasm (D:1)
  A giant cockroach (D:1)
  A goblin (D:1)
  2 hobgoblins (D:1)
  3 kobolds (D:1)
  4 ball pythons (D:1)
  4 rats (D:1)
16 creatures vanquished.

Notes
Turn   | Place    | Note
-------+----------+-------------------------------------------
     0 | D:1      | Arvy the Armataur Warper began the quest for the Orb.
     0 | D:1      | Reached XP level 1. HP: 17/17 MP: 3/3
     6 | D:1      | Noticed a swamp worm
     6 | D:1      | Noticed a rime drake
     6 | D:1      | Noticed a redback
     7 | D:1      | Noticed a crocodile
     7 | D:1      | Noticed a black mamba
    41 | D:1      | Reached skill level 1 in Throwing
   163 | D:1      | Reached XP level 2. HP: 23/24 MP: 4/4
   315 | D:1      | Quit the game

Illustrated notes

Levels and vault maps discovered:
D:1:      onia_arrival_zoo_common, layout_loops_ring, serial_shops, shop, shop,
          shop, nicolae_shop_hallway_plus, nicolae_shop_advertising_works
          [nicolae_subvault_shop_adworks], kennysheep_small_spiral,
          dreamdust_princess_corridor, minmay_door_square, hangedman_glass_teeth

Skill      XL: |  1  2 |
---------------+-------+-----
Throwing       | 1 |  1.1
Long Blades    | 2 |  2.0
Fighting       | 2 |  2.0
Armour         | |  1.5
Dodging        | |  1.5
Spellcasting   | |  1.9
Translocations | |  3.0

Action                     || total
---------------------------++-------
  Melee: Falchion          ||    36
         Tailslap          ||     5
         Punch             ||     1
  Throw: Dart              ||     1
 Armour: Leather armour    ||    30
  Dodge: Dodged            ||    24
